 Dungeon Crawl Stone Soup version 0.28.0-53-g5a82cb258f (webtiles) character file.

Game seed: 12437376222406689341

14 cbfl8 the Skirmisher (level 2, 0/24 HPs)
             Began as a Formicid Berserker on Aug 16, 2022.
             Was a Follower of Trog.
             Slain by a worm (10 damage)
             ... on level 2 of the Dungeon.
             The game lasted 00:00:52 (1087 turns).

cbfl8 the Skirmisher (Formicid Berserker)           Turns: 1087, Time: 00:00:53

Health: 0/24       AC:  3    Str: 21    XL:     2   Next: 55%
Magic:  2/2        EV: 11    Int:  6    God:    Trog [*.....]
Gold:   12         SH:  0    Dex: 10    Spells: 1/1 levels left

rFire   . . .      SeeInvis +   a - +0 hand axe
rCold   . . .      Faith    .   (no shield)
rNeg    . . .      Spirit   .   c - +0 leather armour
rPois   .          Reflect  .   (helmet unavailable)
rElec   .          Harm     .   (no cloak)
rCorr   .          Rampage  .   (no gloves)
Will    .....                   (no boots)
Stlth   +.........              (no amulet)
HPRegen 0.08/turn               (no ring)
MPRegen 0.08/turn               (no ring)

@: no status effects
A: permanent stasis, dig shafts and tunnels, antennae 3, four strong arms
a: Dig, Shaft Self, Renounce Religion


You were on level 2 of the Dungeon.
You worshipped Trog.
Trog was aware of your devotion.
You visited 1 branch of the dungeon, and saw 2 of its levels.

You collected 12 gold pieces.

Inventory:

Hand Weapons
 a - a +0 hand axe (weapon)
Missiles
 f - a throwing net
Armour
 b - a +0 animal skin
 c - a +0 leather armour (worn)
Scrolls
 d - 2 scrolls of identify {unknown}
 g - a scroll of amnesia {unknown}
 i - a scroll of teleportation {unknown}
Potions
 e - a potion of ambrosia {unknown}
 h - a potion of mutation {unknown}


   Skills:
 * Level 3.5 Fighting
 * Level 3.3 Axes
 + Level 2.2 Armour
 * Level 2.0 Dodging
 * Level 0.2 Stealth
 * Level 0.1 Evocations


You had one spell level left.
You didn't know any spells.
Your spell library was empty.

Dungeon Overview and Level Annotations

Branches:
Dungeon (2/15)

Altars:

Shops:
D:1 [


Innate Abilities, Weirdness & Mutations

You cannot be hasted, slowed, berserked, paralysed or teleported.
You can dig through walls and to a lower floor.
You have a pair of large antennae on your head. (SInv)
Your four strong arms can wield two-handed weapons with a shield.


Message History

You hit the worm but do no damage. You punch the worm, but do no damage.
A worm is nearby!
You hit the worm but do no damage. The worm bites you.
A worm is nearby!
You hit the worm.
The worm is lightly wounded.
A worm is nearby!
You hit the worm but do no damage.
The worm is lightly wounded.
The worm barely misses you.
A worm is nearby!
You hit the worm but do no damage. The worm barely misses you.
A worm is nearby!
You hit the worm.
The worm is lightly wounded.
The worm misses you.
A worm is nearby!
You slash the worm!
The worm is heavily wounded.
A worm is nearby!
You hit the worm.
The worm is severely wounded.
The worm barely misses you.
A worm is nearby!
You hit the worm but do no damage.
The worm is heavily wounded.
The worm bites you!
A worm is nearby!
You are too injured to fight recklessly!
A worm is nearby!
You are too injured to fight recklessly!
A worm is nearby!
You are too injured to fight recklessly!
A worm is nearby!
You hit the worm.
The worm is severely wounded.
You hit the worm.
The worm is almost dead.
The worm bites you!
You die...

#.....# .....
..... ... ...
#####.#####
###....w....#
.......@....#
###.........#
#.........#
#.........#
#.:...†...#
###.#.#####
### ###.#.#
...##..<#.#
#.#..###.#


You could see a worm.

Vanquished Creatures
  A ball python (D:2)
  A goblin (D:1)
  3 hobgoblins
  2 jackals (D:1)
  A bat (D:1)
  3 frilled lizards
  A kobold (D:1)
  A rat (D:1)
13 creatures vanquished.

Notes
Turn   | Place    | Note
-------+----------+-------------------------------------------
     0 | D:1      | cbfl8 the Formicid Berserker began the quest for the Orb.
     0 | D:1      | Reached XP level 1. HP: 18/18 MP: 1/1
    72 | D:1      | Found Dudu's Antique Armour Shoppe.
   334 | D:1      | Reached XP level 2. HP: 22/24 MP: 2/2
  1087 | D:2      | Slain by a worm

Illustrated notes

Levels and vault maps discovered:
D:1:      tarquinn_simple_flora_water_d, layout_loops_corners, serial_shops,
          nicolae_shop_statue_plus
D:2:      layout_rooms, hellmonk_ecumenical_altar_watching_god

Skill      XL: |  1  2 |
---------------+-------+-----
Dodging        | 2 |  2.0
Fighting       | |  3.5
Axes           | |  3.3
Armour         | |  2.2
Stealth        | |  0.2
Evocations     | |  0.1

Action                   || total
-------------------------++-------
Melee: Hand axe          ||    49
       Punch             ||     1
Armor: Leather armour    ||    13
Dodge: Dodged            ||    33
